Unix xNetHack Version 8.0.0 - last build Mar 23 2024 02:42:02 (1964348d4f5f1cf1067ea9968e02252fcc83c468). Game began 2024-04-27 18:41:00, ended 2024-04-27 20:14:45. Okoto, lawful female human Valkyrie --------------- |.............| |.............| |.............+ |.>...........| |.............% ------ ------g- #@# # # # # # ###### #### # -- --------|---- |............... |.....<........| |.....[.*....... ---------------- Okoto the Fighter St:18/01 Dx:14 Co:18 In:8 Wi:7 Ch:9 Lawful S:4411 Dlvl:9 $:151 HP:0(71) Pw:17(17) AC:2 Xp:7/965 T:5379 Latest messages: You miss the quivering blob. The quivering blob misses! You kill the quivering blob! M - a dark green potion {20}. You see here a food ration. d - an uncursed food ration {20} (2 in total). The door opens. You are carrying too much to get through. You see here a scroll labeled EGULED EL IOM SERPA. D - a scroll labeled EGULED EL IOM SERPA {5} (2 in total). Really step into that pit? [yn] (n) n Where do you want to travel to? (For instructions type a '?') You descend the stairs. Please move the cursor to an unknown object. (For instructions type a '?') Please move the cursor to an unknown object. (For instructions type a '?') The door opens. The giant beetle bites! You find a hidden door. You miss the giant beetle. You miss the giant beetle. You miss the giant beetle. You slash the giant beetle! You miss the giant beetle. You gash the giant beetle. You slash the giant beetle! You miss the giant beetle. You kill the giant beetle! You miss the gargoyle. You miss the gargoyle. You miss the gargoyle. The gargoyle's thick hide blocks your attack. The gargoyle claws you! The gargoyle misses! The gargoyle bites! The gargoyle hits! The gargoyle claws you! The gargoyle bites! The gargoyle claws you! The gargoyle claws you! The gargoyle misses! The gargoyle claws you! You die... Do you want your possessions identified? [ynq] (y) y Do you want to see your attributes? [ynq] (y) n Do you want an account of creatures vanquished? [ynaq] (y) n Do you want to see your conduct and achievements? [ynq] (y) n Do you want to see the dungeon overview? [ynq] (y) n Inventory: Inventory: 755/975 weight (37/52 slots) Coins $ - 151 gold pieces {2} Weapons b - a +0 dagger (alternate weapon; not wielded) {10} a - a corroded +1 spear {30} X - the blessed rustproof +0 Excalibur (weapon in hand) {40} Armor e - an uncursed +0 elven helm (being worn) {3} i - an uncursed +0 orcish helm {30} o - a cursed -1 bone orcish helm {9} p - a cursed -1 pair of fumble boots {20} c - an uncursed +3 small shield (being worn) {23} h - an uncursed +0 platinum scale mail (being worn) {282} Comestibles d - 2 uncursed food rations {40} H - 2 uncursed tins of spinach {20} k - an uncursed lichen corpse {20} r - an uncursed lizard corpse {10} Scrolls s - an uncursed scroll of create monster {5} t - 2 uncursed scrolls of destroy armor {10} v - an uncursed scroll of enchant armor {5} D - 2 uncursed scrolls of enchant weapon {10} g - a blessed scroll of genocide {5} q - 2 uncursed scrolls of identify {10} u - a blessed scroll of light {5} J - 2 uncursed scrolls of light {10} Potions M - a blessed potion of hallucination {20} K - an uncursed potion of polymorph {20} m - an uncursed potion of sleeping {20} j - 2 uncursed potions of speed {40} f - an uncursed potion of water {20} Wands n - a wand of opening (0:7) {7} F - a wand of polymorph (0:7) {7} E - a wand of sleep (0:8) {7} Tools G - an uncursed blindfold {2} C - an uncursed skeleton key {3} l - an uncursed stethoscope {4} Gems/Stones y - an uncursed emerald {1} B - an uncursed worthless piece of black glass {1} x - an uncursed worthless piece of green glass {1} I - 2 uncursed worthless pieces of orange glass {2} A - an uncursed worthless piece of yellowish brown glass {1} Okoto the Valkyrie's attributes: Background: You were a Fighter, a level 7 human Valkyrie. You were lawful, on a mission for Tyr who was opposed by Odin (neutral) and Loki (chaotic). You were heterosexual. You were in the Dungeons of Doom, on level 9. You entered the dungeon 5379 turns ago. You had 965 experience points, 315 more were needed to attain level 8. Your score was 4411 before end-of-game adjustments. Basics: You had 0 out of 71 hit points. You had all 17 energy points (spell power). Your armor class was 2. Your wallet contained 151 zorkmids. Autopickup was off. Final Characteristics: Your strength was 18/01 (limit:18/100). Your dexterity was 14 (limit:18). Your constitution was 18 (limit:18). Your intelligence was 8 (limit:18). Your wisdom was 7 (limit:18). Your charisma was 9 (limit:18). Final Status: You were not hungry. You were unencumbered. You were wielding a long sword. You were unskilled in long sword. Final Attributes: You were piously aligned. You were cold resistant. You were level-drain resistant. You had automatic searching. You were stealthy. You were warded. You were fast. You are dead. Miscellaneous: You never encountered a bones level. Total elapsed playing time was 46 minutes and 28 seconds. Major events: Turn 1: Okoto the lawful human Valkyrie entered the dungeon 870: attained the rank of Skirmisher (level 3) 1950: entered the Gnomish Mines 2677: attained the rank of Fighter (level 6) 5189: was given Excalibur by the Lady of the Lake 5379: killed by a gargoyle Vanquished creatures: 2 giant beetles a quivering blob a lizard a black unicorn a dust vortex a plains centaur a Woodland-elf an imp a yellow light 3 gnome leaders 2 gnomish wizards a kobold mummy a guardian naga hatchling a paper golem a floating eye a kitten 2 homunculi a kobold leader 6 rothes 4 monkeys a dwarf zombie a werejackal 8 killer bees an acid blob 2 hobgoblins 2 giant rats 2 cave spiders 24 gnomes a gnome zombie 2 geckos 7 jackals 4 foxes a kobold 2 goblins 2 sewer rats 3 grid bugs 4 lichens a kobold zombie 14 newts 115 creatures vanquished. No species were genocided or became extinct. Voluntary challenges: You were illiterate. You never genocided any monsters. You never polymorphed an object. You never changed form. You used no wishes. You never scared an enemy with impunity. You were celibate. You never generated conflict. Achievements: You entered a shop. You attained the rank of Skirmisher. You entered the Gnomish Mines. You attained the rank of Fighter. You entered a temple. Dungeon overview: The Dungeons of Doom: levels 1 to 9 Level 1: Level 2: A general store, some fountains. Level 3: A wand shop, some fountains, a grave. Level 4: Stairs down to The Gnomish Mines. Level 5: Many altars, a grave. Level 6: A fountain. Level 7: Level 8: Some fountains, many trees. Oracle of Delphi. Level 9: <- You were here. Final resting place for you, killed by a gargoyle. The Gnomish Mines: levels 5 to 7 Level 5: Level 6: Level 7: Many shops, a temple, some fountains, a sink. Game over: __________ / \ / REST \ / IN \ / PEACE \ / \ | Okoto | | 151 Au | | killed by a | | gargoyle | | | | | | 2024 | *| * * * | * _________)/\\_//(\/(/\)/\//\/|_)_______ Farvel Okoto the Valkyrie... You died in The Dungeons of Doom on dungeon level 9 with 4396 points, and 151 pieces of gold, after 5379 moves. You were level 7 with a maximum of 71 hit points when you died.